 Dungeon Crawl Stone Soup version 0.27-a0-1139-g28e009f8a6 (webtiles) character file.

Game seed: 4825928508271203431

140 Zeld the Skirmisher (level 5, -12/38 HPs)
             Began as an Octopode Berserker on May 8, 2021.
             Was a Follower of Trog.
             Mangled by an orc warrior
             ... wielding a +0 glaive
              (23 damage)
             ... on level 8 of the Dungeon.
             The game lasted 00:01:54 (1204 turns).

Zeld the Skirmisher (Octopode Berserker)            Turns: 1204, Time: 00:01:55

Health: -12/38     AC:  1    Str: 17    XL:     5   Next: 22%
Magic:  5/5        EV: 13    Int: 10    God:    Trog [*.....]
Gold:   0          SH:  0    Dex: 11    Spells: 4/4 levels left

rFire    . . .     SeeInvis .   a - +0 hand axe
rCold    . . .     Faith    .   (no shield)
rNeg     . . .     Spirit   .   (helmet restricted)
rPois    .         Reflect  .   (no amulet)
rElec    .         Harm     .   (no ring)
rCorr    .         Rampage  .   (no ring)
Will     .....                  (no ring)
Stlth    ++........             (no ring)
HPRegen  0.12/turn              (no ring)
MPRegen  0.09/turn              (no ring)
                                (no ring)
                                (no ring)

@: confused
A: almost no armour, amphibious, 8 rings, camouflage 1, gelatinous body 1,
(nimble swimmer 1), tentacles
a: Renounce Religion, Berserk


You were on level 8 of the Dungeon.
You worshipped Trog.
Trog was aware of your devotion.
You visited 1 branch of the dungeon, and saw 8 of its levels.

Inventory:

Hand Weapons
 a - a +0 hand axe (weapon)


   Skills:
 * Level 4.5 Fighting
 * Level 4.5 Axes
 - Level 3.0 Dodging


You had 4 spell levels left.
You didn't know any spells.
Your spell library was empty.

Dungeon Overview and Level Annotations

Branches:
Dungeon (8/15)             Temple (0/1) D:4
   Lair: D:8-11

Altars:

Annotations:
D:4 Ijyb


Innate Abilities, Weirdness & Mutations

You cannot wear most types of armour.
You are amphibious.
You can wear up to eight rings at the same time.
Your skin changes colour to match your surroundings (Stealth+).
Your rubbery body absorbs attacks. (AC +1, EV +1)
((You are camouflaged near water. (Stealth+)))
You have tentacles for arms and can constrict up to eight enemies at once.


Message History

Found a short sword.
There is a stone staircase leading down here.
You climb downwards.
There is a stone staircase leading up here.
You open the door.
Found 24 arrows.
There is an open door here.
Found a stone staircase leading down.
Found a scroll labelled NIF WAMOCADU.
There is a stone staircase leading down here.
You climb downwards.
Found a glistering book.
Found a stone staircase leading up.
There is a stone staircase leading up here.
An orc warrior comes into view. It is wielding a +0 glaive.
Found 2 scrolls labelled VEFANI FIH MES.
An orc warrior is nearby!
There is a stone staircase leading up here.
The orc warrior shouts!
An orc wizard comes into view. It is wielding a +0 dagger.
Press: ? - help, v - describe, . - travel A stone staircase leading up.
The orc wizard shouts!
An orc comes into view. It is wielding a +0 club.
The orc wizard casts a spell at you.
You are confused.
You are too confused!
You bump into the stone wall.
The orc warrior hits you from afar with a +0 glaive!
The orc wizard gestures at itself while chanting.
The orc wizard flickers and vanishes!
Deactivating autopickup; reactivate with Ctrl-A.
The orc warrior hits you from afar with a +0 glaive!
You bump into the stone wall.
The orc warrior hits you from afar with a +0 glaive!
* * * LOW HITPOINT WARNING * * *
You bump into the stone wall.
The orc warrior closely misses you.
You're too confused to move!
The orc warrior hits you from afar with a +0 glaive!!
Ouch! That really hurt!
You die...

#.....# ...
.....# ....
#....#### #....
##.......##.....
#.....<........?
#..:.o..........
#...o....#
#........#
###...@.<#
########


You could see an orc warrior and an orc.

Vanquished Creatures
  An ogre (D:4)
  A hound (D:4)
  An adder (D:5)
  A worm (D:4)
  2 endoplasms
  A goblin (D:1)
  3 hobgoblins
  A quokka (D:1)
  A ball python (D:1)
  A bat (D:1)
  3 kobolds
  A rat (D:1)
17 creatures vanquished.

Notes
Turn   | Place    | Note
-------+----------+-------------------------------------------
     0 | D:1      | Zeld the Octopode Berserker began the quest for the Orb.
     0 | D:1      | Reached XP level 1. HP: 16/16 MP: 1/1
   517 | D:1      | Reached XP level 2. HP: 21/21 MP: 2/2
   684 | D:4      | Noticed an ogre
   689 | D:4      | Killed an ogre
   690 | D:4      | Reached XP level 3. HP: 27/27 MP: 3/3
   690 | D:4      | Reached XP level 4. HP: 33/33 MP: 4/4
   923 | D:4      | Found a staircase to the Ecumenical Temple.
   924 | D:4      | Noticed a phantom
   968 | D:4      | Noticed Ijyb
   993 | D:4      | Reached XP level 5. HP: 38/38 MP: 5/5
  1038 | D:5      | Entered Level 5 of the Dungeon
  1184 | D:8      | Noticed an orc warrior
  1204 | D:8      | Mangled by an orc warrior

Illustrated notes

Levels and vault maps discovered:
D:1:      grunt_arrival_lava_bath, layout_loops_ring,
          shapermc_ecumenical_altar_notcrosses
D:2:      layout_rooms, basic_altar, minmay_box_of_dots
D:3:      layout_rooms, serial_shops, shop_statue, serial_bayou_pond_a,
          chequers_serial_rivers_micro_a, uniq_robin
D:4:      layout_rooms, minmay_temple_entry_antechambers, uniq_ijyb,
          uniq_grinder
D:5:      minmay_evil_eye, layout_rooms, grunt_temple_overflow_open,
          serial_shops, shop_fountains, sigmund_army, uniq_prince_ribbit1,
          uniq_edmund
D:6:      layout_cave_pools, serial_shops, nicolae_shop_behind_doors, shop,
          shop_fountains, nicolae_ossuary_entry_plus, portal_sewer_entry_b
D:7:      layout_gridville, nicolae_water_bricks,
          amcnicky_mini_rare_corridor_liquid
D:8:      layout_gridville, gammafunk_ghost_nasty_kobolds,
          chequers_serial_rivers_room_b

Skill      XL: |  1  2 |
---------------+-------+-----
Fighting       | 4 |  4.5
Axes           | 4 |  4.5
Dodging        | |  3.0

Action                   |  1- 3 |  4- 6 || total
-------------------------+-------+-------++-------
Melee: Hand axe          |    21 |    16 ||    37
       Constrict         |     5 |     3 ||     8
       Tentacles         |     4 |     2 ||     6
Invok: Berserk           |     1 |     2 ||     3
 Stab: Sleeping          |     2 |     1 ||     3
Dodge: Dodged            |    10 |    11 ||    21

Table legend: (Time is in decaauts)
 A = Elapsed time spent in this place.
 B = Non-inter-level travel time spent in this place.
 C = Inter-level travel time spent in this place.
 D = Time resting spent in this place.
 E = Time spent auto-exploring this place.
 F = Levels seen in this place.
 G = Mean time per level.
                   A        B        C        D        E       F      G
               +--------+--------+--------+--------+--------+-----+--------+
         Total |   1225 |   1175 |     50 |    697 |    277 |   8 |  153.1 |
       Dungeon |   1225 |   1175 |     50 |    697 |    277 |   8 |  153.1 |
               +--------+--------+--------+--------+--------+-----+--------+

Top non-repeatable levels by time:
     D:1: 652 daAuts
     D:4: 368 daAuts
     D:5: 114 daAuts
     D:3: 29 daAuts
     D:7: 26 daAuts
     D:8: 21 daAuts
     D:6: 7 daAuts
     D:2: 4 daAuts
